Map: Proxima Station LE

Players

Nerchio - Winner!

  • Race: Zerg Zerg
  • Spawn Location: 1:00

BLY

  • Race: Zerg Zerg
  • Spawn Location: 7:00

Event: WCS Austin 2017

VOD

Have the link to the VOD?

Description

Time

  • Played on: April 28, 2017, 7:47 p.m.
  • Length: 9:16

All games in this series

Show
View Real Time Build Order
Export as new Build Order

Nerchio Zerg - Winner!

Build Orders: Pool First 

Get SALT Encoding   

  12  0:01  Drone  
  13  0:12  Overlord  
  13  0:17  Drone  
  14  0:31  Drone x2  
  14  0:34  Drone  
  17  0:45  Spawning Pool  
  17  0:48  Drone  
  17  0:56  Drone  
  18  0:59  Extractor  
  17  1:15  Hatchery  
  17  1:18  Drone  
  17  1:25  Drone  
  18  1:34  Queen  
  18  1:38  Zergling x2  
  21  1:46  Overlord  
  21  1:50  Drone  
  22  1:59  Metabolic Boost  
  22  2:05  Drone  
  23  2:11  Queen  
  23  2:14  Drone  
  26  2:21  Drone  
  27  2:27  Drone  
  28  2:42  Drone  
  28  2:44  Hatchery  
  28  2:45  Zergling x2  
  28  2:47  Zergling x2  
  28  2:49  Zergling x2  
  31  2:52  Zergling x2  
  31  2:55  Zergling x2  
  33  2:59  Overlord  
  33  3:02  Zergling x2  
  33  3:05  Zergling x2  
  35  3:19  Drone x4  
  41  3:20  Drone x2  
  41  3:26  Queen  
  43  3:32  Overlord  
  43  3:33  Drone  
  44  3:40  Overlord  
  44  3:44  Overlord  
  44  3:46  Drone  
  43  3:53  Drone x4  
  47  3:57  Drone x2  
  47  3:59  Drone  
  47  4:00  Drone  
  50  4:03  Drone x2  
  50  4:06  Drone  
  50  4:07  Drone  
  54  4:10  Extractor  
  54  4:14  Zergling x2  
  54  4:15  Zergling x2  
  54  4:17  Zergling x2  
  54  4:21  Drone x4  
  58  4:27  Lair  
  58  4:30  Drone, Evolution Chamber  
  58  4:31  Drone  
  59  4:38  Overlord  
  59  4:40  Drone x3  
  59  4:43  Drone x2  
  59  4:45  Overlord  
  63  4:52  Overlord  
  63  4:54  Roach Warren  
  63  4:55  Drone x3  
  63  4:59  Overlord  
  64  5:02  Drone x2  
  64  5:03  Zerg Missile Weapons Level 1  
  64  5:06  Drone, Evolution Chamber  
  65  5:08  Extractor  
  65  5:10  Drone x2  
  65  5:11  Drone, Extractor  
  65  5:13  Drone  
  67  5:16  Drone  
  67  5:17  Drone  
  67  5:19  Drone x2  
  67  5:20  Extractor  
  70  5:22  Drone  
  70  5:23  Drone x2  
  70  5:24  Drone  
  70  5:28  Extractor  
  73  5:29  Drone  
  73  5:30  Drone, Roach Warren  
  74  5:36  Zerg Ground Armor Level 1  
  74  5:37  Glial Reconstitution  
  74  5:41  Overseer  
  77  5:42  Roach  
  77  5:44  Roach  
  77  5:46  Roach  
  77  5:47  Drone x2  
  83  5:53  Roach x4  
  83  5:56  Queen  
  93  6:06  Pneumatized Carapace  
  93  6:11  Hatchery  
  92  6:12  Infestation Pit  
  92  6:14  Drone  
  92  6:15  Drone x5, Overlord  
  92  6:18  Roach x2  
  101  6:19  Overlord  
  101  6:22  Overlord  
  101  6:23  Overlord  
  103  6:25  Roach  
  103  6:28  Roach  
  103  6:31  Overlord x2  
  105  6:38  Ravager x4  
  109  6:40  Roach  
  109  6:41  Roach x3, Overseer  
  109  6:43  Roach  
  119  6:48  Extractor  
  119  6:49  Roach x3  
  124  7:07  Roach x11, Unknown  
  148  7:08  Roach  
  148  7:14  Roach  
  150  7:18  Overlord x2  
  150  7:20  Overlord  
  150  7:23  Overlord  
  150  7:25  Overseer  
  150  7:31  Roach x4  
  150  7:35  Infestor  
  160  7:37  Roach x2  
  160  7:38  Roach  
  160  7:42  Roach x2  
  172  7:44  Roach  
  172  7:48  Roach  
  172  7:49  Roach x2  
  178  7:53  Roach x2  
  178  7:54  Roach x2  
  178  7:56  Roach  
  178  7:57  Roach  
  187  7:59  Roach  
  187  8:00  Roach  
  187  8:01  Overlord  
  191  8:13  Roach  
  191  8:16  Roach x6  
  191  8:28  Roach x5  
  191  8:30  Roach  
  191  8:33  Roach x5  
  191  8:34  Roach x3  
  196  8:38  Ravager x2  
  200  8:42  Roach  
  200  8:46  Roach  
  196  8:49  Roach  
  196  8:50  Roach x3  
  196  8:51  Roach x2  
  196  8:53  Roach x2  
  196  8:54  Roach  
  196  8:55  Roach  
Show
View Real Time Build Order
Export as new Build Order

BLY Zerg 

Build Orders: Hatch First 

Get SALT Encoding   

  12  0:01  Drone  
  13  0:12  Overlord  
  13  0:17  Drone  
  14  0:31  Drone x2  
  17  0:35  Drone  
  17  0:53  Hatchery  
  16  0:58  Drone x2  
  16  1:02  Extractor  
  17  1:13  Spawning Pool  
  17  1:18  Drone  
  17  1:21  Drone  
  18  1:30  Drone  
  19  1:39  Overlord  
  19  1:57  Drone  
  20  2:01  Queen  
  20  2:04  Drone  
  20  2:06  Drone, Queen  
  26  2:11  Drone  
  27  2:21  Drone  
  28  2:27  Hatchery  
  28  2:29  Drone  
  28  2:32  Drone  
  28  2:37  Overlord  
  29  2:43  Drone x2  
  31  2:51  Evolution Chamber  
  31  2:53  Overlord  
  31  2:54  Drone  
  31  3:01  Drone  
  31  3:04  Drone  
  33  3:09  Drone  
  33  3:11  Drone x2  
  33  3:12  Drone  
  37  3:15  Drone x2  
  37  3:16  Drone  
  37  3:18  Zerg Missile Weapons Level 1  
  40  3:25  Evolution Chamber  
  39  3:28  Roach Warren  
  38  3:34  Extractor  
  38  3:35  Drone x2  
  39  3:42  Evolution Chamber  
  39  3:43  Evolution Chamber  
  39  3:45  Drone x3  
  39  3:47  Drone  
  41  3:51  Drone x2  
  41  3:54  Evolution Chamber  
  39  4:04  Drone x2  
  39  4:08  Drone  
  39  4:09  Drone x5  
  39  4:17  Drone x2  
  39  4:22  Drone  
  38  4:25  Lair  
  38  4:28  Drone  
  37  4:41  Drone x2  
  37  4:45  Drone x2  
  39  4:49  Drone x4  
  39  4:51  Drone  
  42  5:00  Drone  
  42  5:02  Drone x4  
  42  5:06  Drone  
  47  5:09  Drone x2  
  47  5:13  Drone x2  
  51  5:15  Drone  
  51  5:17  Drone  
  51  5:18  Drone  
  51  5:19  Drone  
  51  5:20  Queen  
  57  5:24  Zerg Missile Weapons Level 2  
  57  5:27  Drone  
  58  5:30  Overlord  
  58  5:37  Extractor  
  58  5:39  Overlord  
  58  5:41  Drone  
  58  5:44  Glial Reconstitution  
  58  5:48  Overlord  
  58  5:49  Extractor  
  57  5:50  Drone x2  
  57  5:53  Drone x2  
  57  5:54  Drone x3  
  57  5:55  Overlord, Extractor  
  63  5:59  Overlord  
  63  6:02  Overlord  
  63  6:04  Drone x3  
  66  6:13  Overlord  
  66  6:14  Drone  
  66  6:15  Overlord  
  66  6:18  Overlord x2  
  67  6:19  Overlord  
  67  6:23  Roach x4  
  75  6:29  Drone  
  75  6:31  Roach  
  75  6:32  Roach x3  
  84  6:36  Overlord  
  84  6:41  Roach x2  
  84  6:43  Overlord  
  84  6:46  Roach x3  
  94  6:48  Overlord  
  94  6:50  Overseer  
  94  6:53  Roach x3  
  100  6:56  Overlord  
  100  7:01  Roach x4  
  106  7:04  Roach  
  110  7:10  Roach x2  
  114  7:18  Roach x4  
  114  7:22  Roach x3  
  128  7:27  Roach x3  
  134  7:31  Roach  
  134  7:32  Roach  
  134  7:36  Roach  
  140  7:44  Roach x2  
  141  7:54  Roach x5  
  145  8:03  Ravager  
  145  8:05  Roach x7  
  149  8:12  Roach  
  149  8:13  Roach  
  149  8:17  Roach  
  149  8:18  Roach  
  137  8:21  Roach  
  137  8:22  Roach Warren  
  137  8:23  Ravager  
  137  8:33  Zergling x2  
  137  8:34  Zergling x14  
  129  8:44  Zergling x8  
Tags
 
Add a new tag
Caveats
  • Supply blocks, unpowered buildings, or Contaminate may cause inaccurate times.
  • Supply counts are checked every 10 seconds.